Islander vs Griffins

Created - November 25, 2025 at 19:15

Goals
1 2 3 T
Islander 0 1 2 3
Griffins 0 3 4 7
Shots
1 2 3 T
Islander 13 9 12 34
Griffins 13 12 11 36

1st period

No Goal

Penalties :
Jakub Galvas (BRI) for Holding (Minor) at 19:49

2nd period

1. Griffins , Pavel Kraskovsky 10 (Grigori Denisenko 4, Kale Clague 3) at 5:40
2. Griffins , Yegor Sharangovich 2 (Grigori Denisenko 5, Pavel Kraskovsky 5) at 10:27
3. Griffins , Grigori Denisenko 7 (Kale Clague 4, Pavel Kraskovsky 6) at 10:50
4. Islander , Filip Zadina 7 (Casey Staum 4, Ross Colton 8) at 14:06

Penalties :
Morgan Frost (Gra) for Hooking (Minor) at 6:57, Ross Colton (BRI) for Interference (Minor) at 11:25, Alex Laferriere (Gra) for Tripping (Minor) at 18:19

3rd period

5. Islander , Alex Steeves 1 (Noah Cates 3) at 4:07
6. Griffins , Viktor Lodin 1 (Alex Laferriere 3) at 6:54
7. Griffins , Anton Lundell 2 (Michael Bunting 3, Kale Clague 5) at 10:35
8. Griffins , Anton Blidh 5 (Jack Studnicka 4) at 11:54
9. Islander , Ben Thomson 8 (Steven Spinner 4, Filip Zadina 7) at 14:27
10. Griffins , Sebastian Ahaut 1 (Pavel Kraskovsky 7, Ian McCoshen 3) at 17:04

Penalties :
Alexander Yelesin (BRI) for Tripping (Minor) at 4:48, Ville Heinola (BRI) for Cross-checking (Minor) at 18:35

Goalie Stats

Chris Driedger (BRI), 29 saves from 36 shots - (0.806), L, 5-2-0, 60:00 minutes
Adam Werner (Gra), 31 saves from 34 shots - (0.912), W, 5-2-0, 60:00 minutes

Players Stats for Islander

Player Name              G  A  P  +/- PIM S  H  SB GA TA FO     MP     PP MP  PK MP  
------------------------------------------------------------------------------------
                         0  0  0   0  0   0  0  0  0  0  0/0     0:00   0:00   0:00 
                         0  0  0   0  0   0  0  0  0  0  0/0     0:00   0:00   0:00 
                         0  0  0   0  0   0  0  0  0  0  0/0     0:00   0:00   0:00 
                         0  0  0   0  0   0  0  0  0  0  0/0     0:00   0:00   0:00 
                         0  0  0   0  0   0  0  0  0  0  0/0     0:00   0:00   0:00 
                         0  0  0   0  0   0  0  0  0  0  0/0     0:00   0:00   0:00 
                         0  0  0   0  0   0  0  0  0  0  0/0     0:00   0:00   0:00 
Alex Steeves             1  0  1  -1  0   4  2  1  0  0  3/8    12:08   0:00   0:00 
Alexander Yelesin        0  0  0  -1  2   0  0  1  1  1  0/0    19:13   1:30   2:08 
Austin Watson            0  0  0   0  0   0  1  0  1  1  0/0    18:08   2:27   0:00 
Ben Thomson              1  0  1   0  0   4  1  0  0  1  0/4    22:21   2:27   4:07 
Casey Staum              0  1  1  -1  0   0  0  1  0  0  0/0    20:46   1:30   3:34 
Connor Dewar             0  0  0  -1  0   5  4  1  1  0  4/10   17:54   1:31   2:20 
Filip Zadina             1  1  2  -2  0   1  1  0  2  0  0/1    17:44   1:31   1:59 
Jake Walman              0  0  0  -4  0   3  1  1  1  0  0/0    29:59   2:28   4:41 
Jakub Galvas             0  0  0  -4  2   2  0  2  0  1  0/0    28:23   2:28   3:06 
Kirill Marchenko         0  0  0  -1  0   3  2  0  1  0  0/1    12:09   0:00   0:00 
Luke Tuch                0  0  0  -2  0   1  2  0  0  0  0/0     9:08   0:00   2:09 
Noah Cates               0  1  1  -1  0   2  3  0  0  0  0/0    12:01   0:00   0:00 
Philip Tomasino          0  0  0  -1  0   2  0  0  0  0  3/4     6:09   0:00   0:00 
Rhett Gardner            0  0  0   0  0   2  0  0  0  1  18/39  22:21   2:27   4:07 
Ronnie Attard            0  0  0   0  0   0  0  0  0  0  0/0    11:35   0:00   1:13 
Ross Colton              0  1  1  -1  2   1  2  1  0  1  1/1    15:33   1:31   0:00 
Steven Spinner           0  1  1  -1  0   2  0  0  0  0  0/0     6:49   0:00   0:00 
Ville Heinola            0  0  0   1  2   2  0  0  0  0  0/0    10:14   0:00   0:00 

Players Stats for Griffins

Player Name              G  A  P  +/- PIM S  H  SB GA TA FO     MP     PP MP  PK MP  
------------------------------------------------------------------------------------
                         0  0  0   0  0   0  0  0  0  0  0/0     0:00   0:00   0:00 
                         0  0  0   0  0   0  0  0  0  0  0/0     0:00   0:00   0:00 
                         0  0  0   0  0   0  0  0  0  0  0/0     0:00   0:00   0:00 
                         0  0  0   0  0   0  0  0  0  0  0/0     0:00   0:00   0:00 
                         0  0  0   0  0   0  0  0  0  0  0/0     0:00   0:00   0:00 
Alex Laferriere          0  1  1   1  2   3  0  0  0  0  0/0    11:39   0:00   0:00 
Anton Blidh              1  0  1   0  0   3  1  0  0  0  2/3    20:45   4:02   2:09 
Anton Lundell            1  0  1   1  0   1  0  0  0  1  3/6    12:31   0:22   0:33 
Braden Schneider         0  0  0   1  0   0  0  0  0  1  0/0     5:59   0:00   0:00 
Brycen Martin            0  0  0   1  0   0  1  0  0  0  0/0     5:59   0:00   0:00 
Grigori Denisenko        1  2  3   4  0   4  3  2  0  0  3/3    19:00   3:08   0:00 
Ian McCoshen             0  1  1   1  0   3  1  0  0  1  0/0    19:45   3:13   1:40 
Jack Studnicka           0  1  1   0  0   1  2  1  0  0  0/2    17:54   3:19   0:00 
Joonas Lyytinen          0  0  0   3  0   2  1  0  0  0  0/0    21:01   0:00   2:18 
Kale Clague              0  3  3   3  0   2  1  2  2  1  0/0    22:51   4:08   0:00 
Michael Bunting          0  1  1   1  0   1  1  0  0  0  1/1    11:58   0:22   0:00 
Morgan Frost             0  0  0   0  2   0  2  0  2  1  9/19   18:18   3:19   0:25 
Pavel Kraskovsky         1  3  4   4  0   6  3  1  0  0  16/25  21:40   3:40   2:09 
Philip Broberg           0  0  0  -1  0   0  0  1  0  0  0/0    10:33   0:00   1:40 
Samuel Poulin            0  0  0  -1  0   0  0  0  0  0  0/0     6:39   0:00   0:00 
Sebastian Ahaut          1  0  1   1  0   5  0  0  1  2  0/0    21:52   4:08   2:18 
Simon Benoit             0  0  0  -1  0   0  0  2  0  0  0/0    12:00   3:13   0:00 
Viktor Lodin             1  0  1  -1  0   3  1  0  0  0  5/7     7:30   0:00   0:51 
Will Cuylle              0  0  0  -1  0   0  0  0  0  0  0/0     7:44   0:11   0:54 
Yegor Sharangovich       1  0  1   4  0   2  2  1  1  0  0/2    20:22   3:40   0:55 

3 Stars

1 - Pavel Kraskovsky (Gra)
2 - Grigori Denisenko (Gra)
3 - Kale Clague (Gra)

Power Play

Islander - 0 on 2 Attempt(s) - 0.00%
Griffins - 0 on 4 Attempt(s) - 0.00%

Penalty Kill

Islander - 4 on 4 Attempt(s) - 100.00% - Score 0 goal in Penalty Kill
Griffins - 2 on 2 Attempt(s) - 100.00% - Score 0 goal in Penalty Kill

Team Stat

Islander - Hits : 19 - Faceoff Wins : 29 - Blocked Shots : 8 - Penalty Minutes : 8
Griffins - Hits : 19 - Faceoff Wins : 39 - Blocked Shots : 10 - Penalty Minutes : 4

Official

Referees : Brad Meier and Beaudry Halkidis
Linesman : Pierre Racicot and Jonny Murray

Game Notes

Philip Tomasino is injured at 13:10 of 3rd period (Sprained Right Finger)

Finance

Level 1 -- Attendance: 1937 (96.85%) -- Ticket Income $135,590
Level 2 -- Attendance: 930 (93.00%) -- Ticket Income $37,200
Total Attendance: 2867 (95.57%)
Total Ticket Income: $172,790
Other Income: $8,640
Total Income: $181,430

Islander

5 vs 5 Forward 
   Center                   Left Wing                Right Wing               Time % Phy DF OF 
 1 Rhett Gardner            Ben Thomson              Austin Watson            40     1   2  2  
 2 Connor Dewar             Filip Zadina             Ross Colton              30     1   2  2  
 3 Alex Steeves             Noah Cates               Kirill Marchenko         20     1   2  2  
 4 Philip Tomasino          Luke Tuch                Steven Spinner           10     1   2  2  

5 vs 5 Defense 
   Defense                  Defense                                           Time % Phy DF OF 
 1 Jake Walman              Jakub Galvas                                      40     1   2  2  
 2 Alexander Yelesin        Casey Staum                                       30     1   2  2  
 3 Ronnie Attard            Ville Heinola                                     20     1   2  2  
 4 Jake Walman              Jakub Galvas                                      10     1   2  2  

PowerPlay Forward 
   Center                   Left Wing                Right Wing               Time % Phy DF OF 
 1 Rhett Gardner            Ben Thomson              Austin Watson            60     1   2  2  
 2 Connor Dewar             Filip Zadina             Ross Colton              40     1   2  2  

PowerPlay Defense
   Defense                  Defense                                           Time % Phy DF OF 
 1 Jake Walman              Jakub Galvas                                      60     1   2  2  
 2 Alexander Yelesin        Casey Staum                                       40     1   2  2  

Penalty Kill 4 Players Forward 
   Center                   Wing                     Time % Phy DF OF 
 1 Rhett Gardner            Ben Thomson              60     1   2  2  
 2 Connor Dewar             Filip Zadina             40     1   2  2  

Penalty Kill 4 Players Defense
   Defense                  Defense                  Time % Phy DF OF 
 1 Jake Walman              Jakub Galvas             60     1   2  2  
 2 Alexander Yelesin        Casey Staum              40     1   2  2  

Penalty Kill - 3 Players Forward 
   Forward                                           Time % Phy DF OF 
 1 Rhett Gardner                                     60     1   2  2  
 2 Connor Dewar                                      40     1   2  2  

Penalty Kill - 3 Players Defense
   Defense                  Defense                  Time % Phy DF OF 
 1 Jake Walman              Jakub Galvas             60     1   2  2  
 2 Alexander Yelesin        Casey Staum              40     1   2  2  

4 vs 4 Forward 
   Center                   Wing                     Time % Phy DF OF 
 1 Rhett Gardner            Ben Thomson              60     1   2  2  
 2 Connor Dewar             Filip Zadina             40     1   2  2  

4 vs 4 Defense
   Defense                  Defense                  Time % Phy DF OF 
 1 Jake Walman              Jakub Galvas             60     1   2  2  
 2 Alexander Yelesin        Casey Staum              40     1   2  2  

Last Minutes Offensive
   Center                   Left Wing                Right Wing               Defense                  Defense                  
   Rhett Gardner            Ben Thomson              Austin Watson            Jake Walman              Jakub Galvas             

Last Minutes Defensive
   Center                   Left Wing                Right Wing               Defense                  Defense                  
   Rhett Gardner            Ben Thomson              Austin Watson            Jake Walman              Jakub Galvas             

Goaltenders
Starting : Chris Driedger           
Backup : Frederik Dichow          

Extra Forwards
Normal : Filip Zadina, Kirill Marchenko, Noah Cates - PP : Filip Zadina, Kirill Marchenko - PK : Filip Zadina
Extra Defensemen
Normal : Casey Staum, Ronnie Attard, Ville Heinola - PP : Casey Staum - PK : Casey Staum, Ronnie Attard
Penalty Shots
Austin Watson, Ben Thomson, Rhett Gardner, Ross Colton, Filip Zadina
Custom OT Lines Forwards
Austin Watson, Ben Thomson, Rhett Gardner, Ross Colton, Filip Zadina, Kirill Marchenko, Noah Cates, Connor Dewar, Alex Steeves, Steven Spinner
Custom OT Lines Defensemen
Jake Walman, Jakub Galvas, Alexander Yelesin, Casey Staum, Ronnie Attard

Scratches
Jake Neighbours (Sprained Left Finger Injury), Wyatt Kaiser (Healthy), Yegor Chinakhov (Healthy), Danil Gushchin (Healthy), Jaden Lindo (Healthy)
Samuel Knazko (Healthy), Marcus Davidsson (Healthy), Pavel Koltygin (Healthy)

Griffins

5 vs 5 Forward 
   Center                   Left Wing                Right Wing               Time % Phy DF OF 
 1 Pavel Kraskovsky         Grigori Denisenko        Yegor Sharangovich       35     1   2  2  
 2 Morgan Frost             Anton Blidh              Jack Studnicka           35     1   2  2  
 3 Anton Lundell            Michael Bunting          Alex Laferriere          20     1   2  2  
 4 Viktor Lodin             Will Cuylle              Samuel Poulin            10     1   2  2  

5 vs 5 Defense 
   Defense                  Defense                                           Time % Phy DF OF 
 1 Joonas Lyytinen          Kale Clague                                       40     1   2  2  
 2 Sebastian Ahaut          Ian McCoshen                                      30     1   2  2  
 3 Simon Benoit             Philip Broberg                                    20     1   2  2  
 4 Braden Schneider         Brycen Martin                                     10     1   2  2  

PowerPlay Forward 
   Center                   Left Wing                Right Wing               Time % Phy DF OF 
 1 Pavel Kraskovsky         Anton Blidh              Yegor Sharangovich       60     1   2  2  
 2 Morgan Frost             Grigori Denisenko        Jack Studnicka           40     1   2  2  

PowerPlay Defense
   Defense                  Defense                                           Time % Phy DF OF 
 1 Kale Clague              Sebastian Ahaut                                   60     1   2  2  
 2 Simon Benoit             Ian McCoshen                                      40     1   2  2  

Penalty Kill 4 Players Forward 
   Center                   Wing                     Time % Phy DF OF 
 1 Pavel Kraskovsky         Anton Blidh              60     1   2  2  
 2 Yegor Sharangovich       Morgan Frost             40     1   2  2  

Penalty Kill 4 Players Defense
   Defense                  Defense                  Time % Phy DF OF 
 1 Joonas Lyytinen          Sebastian Ahaut          60     1   2  2  
 2 Ian McCoshen             Philip Broberg           40     1   2  2  

Penalty Kill - 3 Players Forward 
   Forward                                           Time % Phy DF OF 
 1 Pavel Kraskovsky                                  60     1   2  2  
 2 Anton Blidh                                       40     1   2  2  

Penalty Kill - 3 Players Defense
   Defense                  Defense                  Time % Phy DF OF 
 1 Joonas Lyytinen          Sebastian Ahaut          60     1   2  2  
 2 Kale Clague              Ian McCoshen             40     1   2  2  

4 vs 4 Forward 
   Center                   Wing                     Time % Phy DF OF 
 1 Pavel Kraskovsky         Anton Blidh              60     1   2  2  
 2 Yegor Sharangovich       Morgan Frost             40     1   2  2  

4 vs 4 Defense
   Defense                  Defense                  Time % Phy DF OF 
 1 Ian McCoshen             Sebastian Ahaut          60     1   2  2  
 2 Simon Benoit             Kale Clague              40     1   2  2  

Last Minutes Offensive
   Center                   Left Wing                Right Wing               Defense                  Defense                  
   Pavel Kraskovsky         Anton Blidh              Yegor Sharangovich       Ian McCoshen             Kale Clague              

Last Minutes Defensive
   Center                   Left Wing                Right Wing               Defense                  Defense                  
   Pavel Kraskovsky         Anton Blidh              Yegor Sharangovich       Joonas Lyytinen          Ian McCoshen             

Goaltenders
Starting : Adam Werner              
Backup : Philippe Desrosiers      

Extra Forwards
Normal : Michael Bunting, Anton Lundell, Viktor Lodin - PP : Michael Bunting, Anton Lundell - PK : Viktor Lodin
Extra Defensemen
Normal : Brycen Martin, Braden Schneider, Simon Benoit - PP : Brycen Martin - PK : Braden Schneider, Simon Benoit
Penalty Shots
Pavel Kraskovsky, Anton Blidh, Yegor Sharangovich, Morgan Frost, Grigori Denisenko
Custom OT Lines Forwards
Pavel Kraskovsky, Anton Blidh, Yegor Sharangovich, Morgan Frost, Grigori Denisenko, Michael Bunting, Jack Studnicka, Anton Lundell, Viktor Lodin, Samuel Poulin
Custom OT Lines Defensemen
Ian McCoshen, Kale Clague, Joonas Lyytinen, Sebastian Ahaut, Philip Broberg

Scratches
Riley Duran (Healthy), Scott Reedy (Healthy), Jack Ramsey (Healthy), Maxim Mamin (Healthy), Conor Timmins (Healthy)
Oskar Steen (Healthy), Nick Swaney (Healthy), Dominik Bokk (Healthy), Vladislav Kolyachonok (Healthy), Ivan Prosvetov (Healthy)

% Time on Ice - Islander

Lines # - Real PCT - Wanted PCT - Time Play
Normal Forward
1 - 33% - 40% - 15:57
2 - 29% - 30% - 14:00
3 - 24% - 20% - 11:55
4 - 14% - 10% - 6:49
Normal Defense
1 - 41% - 40% - 20:03
2 - 32% - 30% - 15:36
3 - 21% - 20% - 10:15
4 - 6% - 10% - 2:47
PP Forward
1 - 62% - 60% - 2:27
2 - 38% - 40% - 1:31
PP Defense
1 - 62% - 60% - 2:28
2 - 38% - 40% - 1:30
PK Forward
1 - 85% - 60% - 6:16
2 - 15% - 40% - 1:05
PK Defense
1 - 69% - 60% - 5:05
2 - 31% - 40% - 2:16
PK3 Forward
1 - 0% - 60%
2 - 0% - 40%
PK3 Defense
1 - 0% - 60%
2 - 0% - 40%
44 Forward
1 - 0% - 60%
2 - 0% - 40%
44 Defense
1 - 0% - 60%
2 - 0% - 40%
Last Minute Offensive  - 0:00
Last Minute Defensive  - 0:00
Total
Forward - 60:00
Defense - 60:00

% Time on Ice - Griffins

Lines # - Real PCT - Wanted PCT - Time Play
Normal Forward
1 - 33% - 35% - 15:51
2 - 30% - 35% - 14:35
3 - 24% - 20% - 11:36
4 - 14% - 10% - 6:39
Normal Defense
1 - 39% - 40% - 19:06
2 - 31% - 30% - 14:52
3 - 18% - 20% - 8:44
4 - 12% - 10% - 5:59
PP Forward
1 - 55% - 60% - 4:02
2 - 45% - 40% - 3:19
PP Defense
1 - 56% - 60% - 4:08
2 - 44% - 40% - 3:13
PK Forward
1 - 77% - 60% - 3:03
2 - 23% - 40% - 0:55
PK Defense
1 - 58% - 60% - 2:18
2 - 42% - 40% - 1:40
PK3 Forward
1 - 0% - 60%
2 - 0% - 40%
PK3 Defense
1 - 0% - 60%
2 - 0% - 40%
44 Forward
1 - 0% - 60%
2 - 0% - 40%
44 Defense
1 - 0% - 60%
2 - 0% - 40%
Last Minute Offensive  - 0:00
Last Minute Defensive  - 0:00
Total
Forward - 60:00
Defense - 60:00

Play-by-Play

1st period


0:01 of 1st period - Grigori Denisenko wins face-off versus Rhett Gardner in neutral zone.
0:14 of 1st period - Kale Clague is hit by Austin Watson and loses puck.
0:32 of 1st period - Snap shot by Morgan Frost.
0:32 of 1st period - Shot Misses the Net.
0:46 of 1st period - Anton Lundell is hit by Noah Cates and loses puck.
0:53 of 1st period - Snap shot by Michael Bunting.
0:53 of 1st period - Stopped by Chris Driedger with a rebound.
0:55 of 1st period - Slapshot by Ian McCoshen.
0:55 of 1st period - Shot Misses the Net.
1:12 of 1st period - Casey Staum is hit by Ian McCoshen and loses puck.
2:04 of 1st period - Morgan Frost is hit by Noah Cates and loses puck.
2:15 of 1st period - Snap shot by Kirill Marchenko.
2:15 of 1st period - Stopped by Adam Werner without a rebound.
2:16 of 1st period - Pavel Kraskovsky wins face-off versus Rhett Gardner in Griffins zone.
2:23 of 1st period - Slapshot by Yegor Sharangovich.
2:23 of 1st period - Shot Misses the Net.
2:49 of 1st period - Snap shot by Connor Dewar.
2:49 of 1st period - Stopped by Adam Werner with a rebound.
2:53 of 1st period - Snap shot by Connor Dewar.
2:53 of 1st period - Shot Misses the Net.
3:25 of 1st period - Snap shot by Kirill Marchenko.
3:25 of 1st period - Shot Misses the Net.
3:27 of 1st period - Slapshot by Ville Heinola.
3:27 of 1st period - Stopped by Adam Werner without a rebound.
3:28 of 1st period - Viktor Lodin wins face-off versus Alex Steeves in Griffins zone.
3:53 of 1st period - Alexander Yelesin is hit by Pavel Kraskovsky and loses puck.
4:00 of 1st period - Snap shot by Pavel Kraskovsky.
4:00 of 1st period - Shot Blocked by Alexander Yelesin.
4:18 of 1st period - Snap shot by Filip Zadina.
4:18 of 1st period - Shot Misses the Net.
5:01 of 1st period - Yegor Sharangovich is hit by Jake Walman and loses puck.
5:08 of 1st period - Slapshot by Alex Steeves.
5:08 of 1st period - Shot Misses the Net.
5:14 of 1st period - Noah Cates is hit by Yegor Sharangovich and loses puck.
5:52 of 1st period - Snap shot by Connor Dewar.
5:52 of 1st period - Stopped by Adam Werner with a rebound.
5:54 of 1st period - Wrist shot by Ross Colton.
5:54 of 1st period - Stopped by Adam Werner with a rebound.
5:56 of 1st period - Slapshot by Connor Dewar.
5:56 of 1st period - Shot Misses the Net.
5:58 of 1st period - Wrist shot by Jakub Galvas.
5:58 of 1st period - Shot Misses the Net.
6:09 of 1st period - Off-side.
6:10 of 1st period - Philip Tomasino wins face-off versus Anton Lundell in neutral zone.
6:13 of 1st period - Backhand shot by Jake Walman.
6:13 of 1st period - Stopped by Adam Werner without a rebound.
6:14 of 1st period - Anton Lundell wins face-off versus Philip Tomasino in Griffins zone.
6:23 of 1st period - Slapshot by Michael Bunting.
6:23 of 1st period - Deflect By Alex Laferriere.
6:23 of 1st period - Stopped by Chris Driedger with a rebound.
6:52 of 1st period - Snap shot by Michael Bunting.
6:52 of 1st period - Deflect By Alex Laferriere.
6:52 of 1st period - Stopped by Chris Driedger without a rebound.
6:53 of 1st period - Rhett Gardner wins face-off versus Pavel Kraskovsky in Islander zone.
7:18 of 1st period - Joonas Lyytinen is hit by Kirill Marchenko.
7:19 of 1st period - Icing by Joonas Lyytinen.
7:20 of 1st period - Grigori Denisenko wins face-off versus Alex Steeves in Griffins zone.
7:44 of 1st period - Jakub Galvas is hit by Pavel Kraskovsky and loses puck.
8:09 of 1st period - Wrist shot by Noah Cates.
8:09 of 1st period - Shot Misses the Net.
8:11 of 1st period - Slapshot by Ville Heinola.
8:11 of 1st period - Stopped by Adam Werner with a rebound.
8:17 of 1st period - Backhand shot by Kirill Marchenko.
8:17 of 1st period - Shot Blocked by Philip Broberg.
8:19 of 1st period - Wrist shot by Kirill Marchenko.
8:19 of 1st period - Shot Misses the Net.
8:31 of 1st period - Snap shot by Kirill Marchenko.
8:31 of 1st period - Stopped by Adam Werner with a rebound.
8:33 of 1st period - Slapshot by Jakub Galvas.
8:33 of 1st period - Shot Misses the Net.
8:57 of 1st period - Slapshot by Kirill Marchenko.
8:57 of 1st period - Deflect By Noah Cates.
8:57 of 1st period - Stopped by Adam Werner with a rebound.
9:07 of 1st period - Wrist shot by Noah Cates.
9:07 of 1st period - Shot Blocked by Simon Benoit.
9:09 of 1st period - Slapshot by Ronnie Attard.
9:09 of 1st period - Shot Blocked by Grigori Denisenko.
9:11 of 1st period - Slapshot by Ville Heinola.
9:11 of 1st period - Shot Misses the Net.
9:13 of 1st period - Slapshot by Ville Heinola.
9:13 of 1st period - Deflect By Kirill Marchenko.
9:13 of 1st period - Shot Blocked by Pavel Kraskovsky.
9:13 of 1st period - Puck is out of play.
9:14 of 1st period - Rhett Gardner wins face-off versus Morgan Frost in Griffins zone.
9:41 of 1st period - Snap shot by Connor Dewar.
9:41 of 1st period - Stopped by Adam Werner without a rebound.
9:42 of 1st period - Ross Colton wins face-off versus Viktor Lodin in Griffins zone.
10:07 of 1st period - Slapshot by Anton Blidh.
10:07 of 1st period - Shot Misses the Net.
11:12 of 1st period - Icing by Joonas Lyytinen.
11:13 of 1st period - Morgan Frost wins face-off versus Rhett Gardner in Griffins zone.
11:42 of 1st period - Snap shot by Michael Bunting.
11:42 of 1st period - Shot Misses the Net.
11:44 of 1st period - Wrist shot by Anton Lundell.
11:44 of 1st period - Deflect By Connor Dewar.
11:44 of 1st period - Shot Blocked by Ross Colton.
11:44 of 1st period - Puck is out of play.
11:45 of 1st period - Connor Dewar wins face-off versus Morgan Frost in Islander zone.
11:58 of 1st period - Sebastian Ahaut is hit by Connor Dewar and loses puck.
12:23 of 1st period - Icing by Braden Schneider.
12:24 of 1st period - Morgan Frost wins face-off versus Connor Dewar in Griffins zone.
12:54 of 1st period - Casey Staum is hit by Brycen Martin and loses puck.
13:13 of 1st period - Wrist shot by Filip Zadina.
13:13 of 1st period - Shot Blocked by Jack Studnicka.
13:19 of 1st period - Snap shot by Morgan Frost.
13:19 of 1st period - Shot Misses the Net.
13:25 of 1st period - Snap shot by Anton Blidh.
13:25 of 1st period - Stopped by Chris Driedger with a rebound.
13:27 of 1st period - Slapshot by Braden Schneider.
13:27 of 1st period - Deflect By Anton Blidh.
13:27 of 1st period - Shot Misses the Net.
13:27 of 1st period - Puck is out of play.
13:28 of 1st period - Pavel Kraskovsky wins face-off versus Rhett Gardner in Islander zone.
13:29 of 1st period - Slapshot by Grigori Denisenko.
13:29 of 1st period - Shot Blocked by Jakub Galvas.
13:31 of 1st period - Wrist shot by Grigori Denisenko.
13:31 of 1st period - Shot Blocked by Jakub Galvas.
13:39 of 1st period - Wrist shot by Grigori Denisenko.
13:39 of 1st period - Shot Misses the Net.
13:41 of 1st period - Slapshot by Sebastian Ahaut.
13:41 of 1st period - Deflect By Austin Watson.
13:41 of 1st period - Stopped by Chris Driedger with a rebound.
13:43 of 1st period - Slapshot by Sebastian Ahaut.
13:43 of 1st period - Deflect By Austin Watson.
13:43 of 1st period - Stopped by Chris Driedger without a rebound.
13:44 of 1st period - Michael Bunting wins face-off versus Ben Thomson in Islander zone.
13:51 of 1st period - Slapshot by Kale Clague.
13:51 of 1st period - Shot Misses the Net.
13:53 of 1st period - Slapshot by Joonas Lyytinen.
13:53 of 1st period - Stopped by Chris Driedger with a rebound.
13:55 of 1st period - Slapshot by Kale Clague.
13:55 of 1st period - Stopped by Chris Driedger without a rebound.
13:56 of 1st period - Rhett Gardner wins face-off versus Pavel Kraskovsky in Islander zone.
13:56 of 1st period - Rhett Gardner is hit by Grigori Denisenko.
14:02 of 1st period - Wrist shot by Pavel Kraskovsky.
14:02 of 1st period - Shot Misses the Net.
14:34 of 1st period - Off-side.
14:35 of 1st period - Connor Dewar wins face-off versus Viktor Lodin in neutral zone.
14:44 of 1st period - Wrist shot by Viktor Lodin.
14:44 of 1st period - Stopped by Chris Driedger without a rebound.
14:45 of 1st period - Viktor Lodin wins face-off versus Filip Zadina in Islander zone.
14:48 of 1st period - Snap shot by Viktor Lodin.
14:48 of 1st period - Deflect By Will Cuylle.
14:48 of 1st period - Shot Misses the Net.
14:48 of 1st period - Puck is out of play.
14:49 of 1st period - Pavel Kraskovsky wins face-off versus Ben Thomson in Islander zone.
15:00 of 1st period - Slapshot by Yegor Sharangovich.
15:00 of 1st period - Deflect By Grigori Denisenko.
15:00 of 1st period - Shot Misses the Net.
15:00 of 1st period - Puck is out of play.
15:01 of 1st period - Pavel Kraskovsky wins face-off versus Rhett Gardner in Islander zone.
15:02 of 1st period - Slapshot by Yegor Sharangovich.
15:02 of 1st period - Shot Misses the Net.
15:27 of 1st period - Jakub Galvas is hit by Anton Blidh and loses puck.
15:36 of 1st period - Snap shot by Morgan Frost.
15:36 of 1st period - Shot Misses the Net.
15:38 of 1st period - Slapshot by Joonas Lyytinen.
15:38 of 1st period - Stopped by Chris Driedger with a rebound.
16:00 of 1st period - Slapshot by Ian McCoshen.
16:00 of 1st period - Stopped by Chris Driedger with a rebound.
16:12 of 1st period - Slapshot by Jake Walman.
16:12 of 1st period - Stopped by Adam Werner with a rebound.
16:14 of 1st period - Slapshot by Jake Walman.
16:14 of 1st period - Stopped by Adam Werner with a rebound.
16:38 of 1st period - Wrist shot by Pavel Kraskovsky.
16:38 of 1st period - Stopped by Chris Driedger without a rebound.
16:39 of 1st period - Pavel Kraskovsky wins face-off versus Rhett Gardner in Islander zone.
17:13 of 1st period - Slapshot by Connor Dewar.
17:13 of 1st period - Shot Misses the Net.
17:29 of 1st period - Philip Broberg is hit by Luke Tuch and loses puck.
17:34 of 1st period - Snap shot by Steven Spinner.
17:34 of 1st period - Stopped by Adam Werner without a rebound.
17:35 of 1st period - Rhett Gardner wins face-off versus Pavel Kraskovsky in Griffins zone.
17:38 of 1st period - Wrist shot by Rhett Gardner.
17:38 of 1st period - Shot Misses the Net.
18:07 of 1st period - Ian McCoshen is hit by Ross Colton and loses puck.
18:24 of 1st period - Kale Clague is hit by Alex Steeves and loses puck.
18:45 of 1st period - Wrist shot by Rhett Gardner.
18:45 of 1st period - Shot Blocked by Kale Clague.
18:55 of 1st period - Austin Watson is hit by Michael Bunting and loses puck.
19:38 of 1st period - Slapshot by Alex Laferriere.
19:38 of 1st period - Stopped by Chris Driedger without a rebound.
19:39 of 1st period - Morgan Frost wins face-off versus Connor Dewar in Islander zone.
19:49 of 1st period - Minor Penalty to Jakub Galvas for Holding.
19:50 of 1st period - Rhett Gardner wins face-off versus Pavel Kraskovsky in Islander zone.
Goals for this period are 0 for Islander vs 0 for Griffins.
Shots for this period are 13 for Islander vs 13 for Griffins.

2nd period


0:01 of 2nd period - Rhett Gardner wins face-off versus Pavel Kraskovsky in neutral zone.
1:21 of 2nd period - Icing by Pavel Kraskovsky.
1:22 of 2nd period - Connor Dewar wins face-off versus Yegor Sharangovich in Griffins zone.
1:27 of 2nd period - Snap shot by Connor Dewar.
1:27 of 2nd period - Stopped by Adam Werner with a rebound.
1:39 of 2nd period - Grigori Denisenko is hit by Ben Thomson and loses puck.
1:49 of 2nd period - Penalty to Jakub Galvas is over, Jakub Galvas is back on ice.
2:00 of 2nd period - Snap shot by Kirill Marchenko.
2:00 of 2nd period - Stopped by Adam Werner with a rebound.
2:02 of 2nd period - Snap shot by Alex Steeves.
2:02 of 2nd period - Stopped by Adam Werner without a rebound.
2:03 of 2nd period - Viktor Lodin wins face-off versus Alex Steeves in Griffins zone.
3:18 of 2nd period - Backhand shot by Kirill Marchenko.
3:18 of 2nd period - Deflect By Alex Steeves.
3:18 of 2nd period - Stopped by Adam Werner without a rebound.
3:19 of 2nd period - Rhett Gardner wins face-off versus Pavel Kraskovsky in Griffins zone.
3:24 of 2nd period - Wrist shot by Austin Watson.
3:24 of 2nd period - Deflect By Rhett Gardner.
3:24 of 2nd period - Shot Blocked by Yegor Sharangovich.
3:24 of 2nd period - Puck is out of play.
3:25 of 2nd period - Pavel Kraskovsky wins face-off versus Rhett Gardner in Griffins zone.
3:37 of 2nd period - Slapshot by Ben Thomson.
3:37 of 2nd period - Stopped by Adam Werner without a rebound.
3:38 of 2nd period - Rhett Gardner wins face-off versus Morgan Frost in Griffins zone.
3:47 of 2nd period - Snap shot by Anton Blidh.
3:47 of 2nd period - Stopped by Chris Driedger with a rebound.
5:27 of 2nd period - Slapshot by Pavel Kraskovsky.
5:27 of 2nd period - Deflect By Grigori Denisenko.
5:27 of 2nd period - Shot Hit the Post.
5:27 of 2nd period - Puck is out of play.
5:28 of 2nd period - Alex Steeves wins face-off versus Yegor Sharangovich in Islander zone.
5:40 of 2nd period - Wrist shot by Pavel Kraskovsky.
5:40 of 2nd period - Goal by Pavel Kraskovsky - Islander : 0 - Griffins : 1.
5:41 of 2nd period - Anton Blidh wins face-off versus Rhett Gardner in neutral zone.
6:33 of 2nd period - Snap shot by Philip Tomasino.
6:33 of 2nd period - Stopped by Adam Werner with a rebound.
6:50 of 2nd period - Snap shot by Kirill Marchenko.
6:50 of 2nd period - Deflect By Noah Cates.
6:50 of 2nd period - Shot Misses the Net.
6:50 of 2nd period - Puck is out of play.
6:51 of 2nd period - Alex Steeves wins face-off versus Morgan Frost in Griffins zone.
6:57 of 2nd period - Minor Penalty to Morgan Frost for Hooking.
6:58 of 2nd period - Rhett Gardner wins face-off versus Pavel Kraskovsky in Griffins zone.
7:00 of 2nd period - Wrist shot by Rhett Gardner.
7:00 of 2nd period - Shot Misses the Net.
7:38 of 2nd period - Anton Blidh is hit by Connor Dewar and loses puck.
7:59 of 2nd period - Slapshot by Ian McCoshen.
7:59 of 2nd period - Stopped by Chris Driedger with a rebound.
8:37 of 2nd period - Filip Zadina is hit by Joonas Lyytinen.
8:57 of 2nd period - Penalty to Morgan Frost is over, Morgan Frost is back on ice.
10:19 of 2nd period - Slapshot by Jack Studnicka.
10:19 of 2nd period - Stopped by Chris Driedger with a rebound.
10:21 of 2nd period - Slapshot by Grigori Denisenko.
10:21 of 2nd period - Shot Misses the Net.
10:23 of 2nd period - Snap shot by Pavel Kraskovsky.
10:23 of 2nd period - Stopped by Chris Driedger with a rebound.
10:25 of 2nd period - Wrist shot by Grigori Denisenko.
10:25 of 2nd period - Stopped by Chris Driedger with a rebound.
10:27 of 2nd period - Wrist shot by Yegor Sharangovich.
10:27 of 2nd period - Goal by Yegor Sharangovich - Islander : 0 - Griffins : 2.
10:28 of 2nd period - Pavel Kraskovsky wins face-off versus Rhett Gardner in neutral zone.
10:30 of 2nd period - Off-side.
10:31 of 2nd period - Pavel Kraskovsky wins face-off versus Rhett Gardner in neutral zone.
10:34 of 2nd period - Snap shot by Pavel Kraskovsky.
10:34 of 2nd period - Stopped by Chris Driedger without a rebound.
10:35 of 2nd period - Pavel Kraskovsky wins face-off versus Rhett Gardner in Islander zone.
10:48 of 2nd period - Snap shot by Pavel Kraskovsky.
10:48 of 2nd period - Stopped by Chris Driedger with a rebound.
10:50 of 2nd period - Slapshot by Kale Clague.
10:50 of 2nd period - Deflect By Grigori Denisenko.
10:50 of 2nd period - Goal by Grigori Denisenko - Islander : 0 - Griffins : 3.
10:51 of 2nd period - Morgan Frost wins face-off versus Rhett Gardner in neutral zone.
11:25 of 2nd period - Minor Penalty to Ross Colton for Interference.
11:26 of 2nd period - Pavel Kraskovsky wins face-off versus Rhett Gardner in Islander zone.
13:25 of 2nd period - Penalty to Ross Colton is over, Ross Colton is back on ice.
13:33 of 2nd period - Slapshot by Jakub Galvas.
13:33 of 2nd period - Stopped by Adam Werner without a rebound.
13:34 of 2nd period - Anton Lundell wins face-off versus Kirill Marchenko in Griffins zone.
13:43 of 2nd period - Anton Lundell is hit by Noah Cates.
14:06 of 2nd period - Slapshot by Casey Staum.
14:06 of 2nd period - Deflect By Filip Zadina.
14:06 of 2nd period - Goal by Filip Zadina - Islander : 1 - Griffins : 3.
14:07 of 2nd period - Morgan Frost wins face-off versus Rhett Gardner in neutral zone.
14:10 of 2nd period - Slapshot by Kale Clague.
14:10 of 2nd period - Stopped by Chris Driedger with a rebound.
14:15 of 2nd period - Jake Walman is hit by Jack Studnicka and loses puck.
15:01 of 2nd period - Off-side.
15:02 of 2nd period - Rhett Gardner wins face-off versus Morgan Frost in neutral zone.
15:17 of 2nd period - Snap shot by Ben Thomson.
15:17 of 2nd period - Stopped by Adam Werner with a rebound.
16:17 of 2nd period - Snap shot by Viktor Lodin.
16:17 of 2nd period - Stopped by Chris Driedger without a rebound.
16:18 of 2nd period - Philip Tomasino wins face-off versus Jack Studnicka in Islander zone.
16:48 of 2nd period - Alexander Yelesin is hit by Grigori Denisenko and loses puck.
17:02 of 2nd period - Off-side.
17:03 of 2nd period - Viktor Lodin wins face-off versus Connor Dewar in neutral zone.
18:07 of 2nd period - Icing by Jakub Galvas.
18:08 of 2nd period - Philip Tomasino wins face-off versus Anton Lundell in Islander zone.
18:13 of 2nd period - Alex Laferriere is hit by Luke Tuch and loses puck.
18:19 of 2nd period - Minor Penalty to Alex Laferriere for Tripping.
18:20 of 2nd period - Pavel Kraskovsky wins face-off versus Ben Thomson in Griffins zone.
18:25 of 2nd period - Icing by Rhett Gardner.
18:26 of 2nd period - Rhett Gardner wins face-off versus Pavel Kraskovsky in Islander zone.
Goals for this period are 1 for Islander vs 3 for Griffins.
Shots for this period are 9 for Islander vs 12 for Griffins.

3rd period


0:01 of 3rd period - Anton Blidh wins face-off versus Ben Thomson in neutral zone.
0:04 of 3rd period - Wrist shot by Pavel Kraskovsky.
0:04 of 3rd period - Stopped by Chris Driedger with a rebound.
0:19 of 3rd period - Penalty to Alex Laferriere is over, Alex Laferriere is back on ice.
0:50 of 3rd period - Snap shot by Jakub Galvas.
0:50 of 3rd period - Shot Blocked by Simon Benoit.
0:58 of 3rd period - Snap shot by Alex Steeves.
0:58 of 3rd period - Stopped by Adam Werner with a rebound.
1:40 of 3rd period - Backhand shot by Philip Tomasino.
1:40 of 3rd period - Deflect By Steven Spinner.
1:40 of 3rd period - Stopped by Adam Werner with a rebound.
2:30 of 3rd period - Wrist shot by Jack Studnicka.
2:30 of 3rd period - Shot Blocked by Alex Steeves.
3:07 of 3rd period - Ross Colton is hit by Viktor Lodin.
3:49 of 3rd period - Snap shot by Alex Steeves.
3:49 of 3rd period - Shot Blocked by Grigori Denisenko.
3:51 of 3rd period - Wrist shot by Alex Steeves.
3:51 of 3rd period - Shot Misses the Net.
3:53 of 3rd period - Wrist shot by Jakub Galvas.
3:53 of 3rd period - Deflect By Yegor Sharangovich.
3:53 of 3rd period - Stopped by Adam Werner without a rebound.
3:54 of 3rd period - Morgan Frost wins face-off versus Alex Steeves in Griffins zone.
3:59 of 3rd period - Simon Benoit is hit by Alex Steeves.
4:05 of 3rd period - Slapshot by Noah Cates.
4:05 of 3rd period - Stopped by Adam Werner with a rebound.
4:07 of 3rd period - Snap shot by Alex Steeves.
4:07 of 3rd period - Goal by Alex Steeves - Islander : 2 - Griffins : 3.
4:08 of 3rd period - Rhett Gardner wins face-off versus Morgan Frost in neutral zone.
4:48 of 3rd period - Minor Penalty to Alexander Yelesin for Tripping.
4:49 of 3rd period - Rhett Gardner wins face-off versus Pavel Kraskovsky in Islander zone.
5:02 of 3rd period - Slapshot by Rhett Gardner.
5:02 of 3rd period - Stopped by Adam Werner without a rebound.
5:03 of 3rd period - Pavel Kraskovsky wins face-off versus Rhett Gardner in Griffins zone.
5:28 of 3rd period - Ben Thomson is hit by Grigori Denisenko and loses puck.
5:45 of 3rd period - Casey Staum is hit by Kale Clague.
5:57 of 3rd period - Snap shot by Anton Blidh.
5:57 of 3rd period - Shot Misses the Net.
6:48 of 3rd period - Penalty to Alexander Yelesin is over, Alexander Yelesin is back on ice.
6:54 of 3rd period - Wrist shot by Viktor Lodin.
6:54 of 3rd period - Goal by Viktor Lodin - Islander : 2 - Griffins : 4.
6:55 of 3rd period - Connor Dewar wins face-off versus Morgan Frost in neutral zone.
6:58 of 3rd period - Slapshot by Jakub Galvas.
6:58 of 3rd period - Shot Misses the Net.
7:08 of 3rd period - Morgan Frost is hit by Connor Dewar and loses puck.
7:23 of 3rd period - Slapshot by Rhett Gardner.
7:23 of 3rd period - Stopped by Adam Werner with a rebound.
7:31 of 3rd period - Snap shot by Rhett Gardner.
7:31 of 3rd period - Shot Misses the Net.
7:41 of 3rd period - Slapshot by Alexander Yelesin.
7:41 of 3rd period - Shot Misses the Net.
7:43 of 3rd period - Wrist shot by Luke Tuch.
7:43 of 3rd period - Shot Misses the Net.
7:45 of 3rd period - Wrist shot by Philip Tomasino.
7:45 of 3rd period - Stopped by Adam Werner with a rebound.
7:47 of 3rd period - Slapshot by Casey Staum.
7:47 of 3rd period - Shot Misses the Net.
7:49 of 3rd period - Snap shot by Luke Tuch.
7:49 of 3rd period - Stopped by Adam Werner without a rebound.
7:50 of 3rd period - Rhett Gardner wins face-off versus Anton Blidh in Griffins zone.
8:01 of 3rd period - Wrist shot by Ben Thomson.
8:01 of 3rd period - Stopped by Adam Werner without a rebound.
8:02 of 3rd period - Grigori Denisenko wins face-off versus Rhett Gardner in Griffins zone.
8:27 of 3rd period - Joonas Lyytinen is hit by Ross Colton and loses puck.
8:34 of 3rd period - Slapshot by Kale Clague.
8:34 of 3rd period - Deflect By Jack Studnicka.
8:34 of 3rd period - Shot Misses the Net.
8:34 of 3rd period - Puck is out of play.
8:35 of 3rd period - Pavel Kraskovsky wins face-off versus Connor Dewar in Islander zone.
8:47 of 3rd period - Slapshot by Sebastian Ahaut.
8:47 of 3rd period - Stopped by Chris Driedger with a rebound.
8:49 of 3rd period - Snap shot by Grigori Denisenko.
8:49 of 3rd period - Shot Misses the Net.
9:13 of 3rd period - Snap shot by Ian McCoshen.
9:13 of 3rd period - Deflect By Ben Thomson.
9:13 of 3rd period - Stopped by Chris Driedger with a rebound.
9:24 of 3rd period - Off-side.
9:25 of 3rd period - Alex Steeves wins face-off versus Anton Lundell in neutral zone.
9:27 of 3rd period - Off-side.
9:28 of 3rd period - Anton Lundell wins face-off versus Alex Steeves in neutral zone.
10:23 of 3rd period - Wrist shot by Alex Laferriere.
10:23 of 3rd period - Shot Blocked by Jake Walman.
10:35 of 3rd period - Wrist shot by Anton Lundell.
10:35 of 3rd period - Goal by Anton Lundell - Islander : 2 - Griffins : 5.
10:36 of 3rd period - Pavel Kraskovsky wins face-off versus Rhett Gardner in neutral zone.
11:01 of 3rd period - Morgan Frost is hit by Connor Dewar and loses puck.
11:17 of 3rd period - Icing by Filip Zadina.
11:18 of 3rd period - Viktor Lodin wins face-off versus Connor Dewar in Islander zone.
11:21 of 3rd period - Snap shot by Yegor Sharangovich.
11:21 of 3rd period - Stopped by Chris Driedger with a rebound.
11:23 of 3rd period - Wrist shot by Grigori Denisenko.
11:23 of 3rd period - Stopped by Chris Driedger without a rebound.
11:24 of 3rd period - Pavel Kraskovsky wins face-off versus Rhett Gardner in Islander zone.
11:52 of 3rd period - Snap shot by Anton Blidh.
11:52 of 3rd period - Shot Blocked by Connor Dewar.
11:54 of 3rd period - Snap shot by Anton Blidh.
11:54 of 3rd period - Goal by Anton Blidh - Islander : 2 - Griffins : 6.
11:55 of 3rd period - Rhett Gardner wins face-off versus Jack Studnicka in neutral zone.
13:09 of 3rd period - Philip Tomasino is hit by Jack Studnicka and loses puck.
13:10 of 3rd period - Philip Tomasino from Islander is injured at 13:10 of 3rd period (Sprained Right Finger).
13:11 of 3rd period - Rhett Gardner wins face-off versus Morgan Frost in Islander zone.
13:15 of 3rd period - Off-side.
13:16 of 3rd period - Morgan Frost wins face-off versus Rhett Gardner in neutral zone.
13:55 of 3rd period - Wrist shot by Filip Zadina.
13:55 of 3rd period - Shot Misses the Net.
14:27 of 3rd period - Snap shot by Ben Thomson.
14:27 of 3rd period - Goal by Ben Thomson - Islander : 3 - Griffins : 6.
14:28 of 3rd period - Morgan Frost wins face-off versus Rhett Gardner in neutral zone.
14:33 of 3rd period - Slapshot by Kale Clague.
14:33 of 3rd period - Deflect By Anton Blidh.
14:33 of 3rd period - Shot Misses the Net.
14:33 of 3rd period - Puck is out of play.
14:34 of 3rd period - Rhett Gardner wins face-off versus Morgan Frost in Islander zone.
14:34 of 3rd period - Rhett Gardner is hit by Morgan Frost.
14:40 of 3rd period - Austin Watson is hit by Morgan Frost and loses puck.
15:02 of 3rd period - Snap shot by Connor Dewar.
15:02 of 3rd period - Stopped by Adam Werner without a rebound.
15:03 of 3rd period - Pavel Kraskovsky wins face-off versus Connor Dewar in Griffins zone.
15:26 of 3rd period - Snap shot by Grigori Denisenko.
15:26 of 3rd period - Shot Blocked by Casey Staum.
15:28 of 3rd period - Wrist shot by Grigori Denisenko.
15:28 of 3rd period - Stopped by Chris Driedger with a rebound.
15:30 of 3rd period - Slapshot by Grigori Denisenko.
15:30 of 3rd period - Shot Misses the Net.
15:50 of 3rd period - Alexander Yelesin is hit by Pavel Kraskovsky and loses puck.
16:05 of 3rd period - Slapshot by Connor Dewar.
16:05 of 3rd period - Shot Blocked by Kale Clague.
16:15 of 3rd period - Ross Colton is hit by Yegor Sharangovich and loses puck.
16:37 of 3rd period - Ian McCoshen is hit by Filip Zadina.
17:04 of 3rd period - Snap shot by Sebastian Ahaut.
17:04 of 3rd period - Goal by Sebastian Ahaut - Islander : 3 - Griffins : 7.
17:05 of 3rd period - Morgan Frost wins face-off versus Rhett Gardner in neutral zone.
17:30 of 3rd period - Joonas Lyytinen is hit by Kirill Marchenko and loses puck.
17:39 of 3rd period - Backhand shot by Sebastian Ahaut.
17:39 of 3rd period - Stopped by Chris Driedger with a rebound.
17:49 of 3rd period - Wrist shot by Jakub Galvas.
17:49 of 3rd period - Shot Misses the Net.
18:35 of 3rd period - Minor Penalty to Ville Heinola for Cross-checking.
18:36 of 3rd period - Rhett Gardner wins face-off versus Morgan Frost in Islander zone.
Goals for this period are 2 for Islander vs 4 for Griffins.
Shots for this period are 12 for Islander vs 11 for Griffins.